 Dungeon Crawl Stone Soup version 0.23-a0-451-g1044d4cbad (webtiles) character file.

59604 LostNumber the Fighter (level 14, -1/110 HPs)
             Began as a Mummy Summoner on Nov 22, 2018.
             Was an Initiate of Gozag.
             Killed from afar by a manticore (16 damage)
             ... with a volley of spikes
             ... on level 3 of the Shoals.
             The game lasted 02:11:03 (51352 turns).

LostNumber the Fighter (Mummy Summoner)            Turns: 51352, Time: 02:11:05

Health: -1/110     AC:  8    Str: 11    XL:     14   Next: 53%
Magic:  11/27      EV: 16    Int: 18    God:    Gozag
Gold:   1408       SH:  4    Dex: 14    Spells: 6/32 levels left

rFire    + . .     SeeInvis +   s - +1 trident (venom)
rCold    + + .     Gourm    .   (no shield)
rNeg     + + +     Faith    .   r - +2 robe {MR+}
rPois    ∞         Spirit   .   E - +1 helmet
rElec    +         Reflect  +   f - scarf {cloud immunity}
rCorr    +         Harm     .   H - +0 pair of gloves
MR       ++...                  w - +0 pair of boots
Stlth    +++.......             M - +4 amulet of reflection
HPRegen  0.28/turn              J - ring of protection from fire
MPRegen  0.20/turn              j - ring of see invisible

@: resistant, barbed spikes, gold aura, flying
A: no food or potions, fire vulnerability, cold resistance 1, negative energy
resistance 3, torment resistance, unbreathing, in touch with death 1
a: Potion Petition, Call Merchant, Bribe Branch, Renounce Religion


You were on level 3 of the Shoals.
You worshipped Gozag.
Gozag was most pleased with you.
You were not hungry.

You visited 6 branches of the dungeon, and saw 27 of its levels.

You collected 7300 gold pieces.
You spent 4368 gold pieces at shops.
You paid 1524 gold pieces to Gozag.

Inventory:

Hand Weapons
 b - a +4 spear
 g - a +0 spear
 s - a +1 trident of venom (weapon)
 B - a +0 antimagic demon trident
Armour
 f - a scarf of cloud immunity (worn)
 r - a +2 robe of magic resistance (worn)
 w - a +0 pair of boots (worn)
 x - a +2 robe of resistance
 E - a +1 helmet (worn)
 H - a +0 pair of gloves (worn)
 K - a +1 ring mail of poison resistance
Jewellery
 a - an uncursed ring of resist corrosion
 j - a ring of see invisible (right hand)
 C - a +3 ring of evasion
 J - a ring of protection from fire (left hand)
 M - a +4 amulet of reflection (around neck)
Wands
 c - a wand of iceblast (30)
 h - a wand of clouds (5)
 i - a wand of enslavement (11)
 m - a wand of paralysis (14)
 q - a wand of disintegration (14)
 I - a wand of polymorph (15)
 L - a wand of acid (7)
 N - a wand of flame (65)
Scrolls
 d - 7 scrolls of magic mapping
 e - 6 scrolls of fog
 k - 2 scrolls of teleportation
 l - 5 scrolls of fear
 n - 4 scrolls of blinking
 o - 16 scrolls of remove curse
 p - 5 scrolls of enchant armour
 t - 4 scrolls of amnesia
 u - a scroll of random uselessness {unknown}
 v - 2 scrolls of immolation
 y - 4 scrolls of summoning
 z - 7 scrolls of enchant weapon
 A - 3 scrolls of vulnerability


   Skills:
 + Level 10.2 Fighting
 - Level 7.5 Polearms
   Level 0.5 Slings
 - Level 4.0 Armour
 - Level 6.3 Dodging
 - Level 5.0 Stealth
 + Level 9.8 Spellcasting
 * Level 7.6 Hexes
 - Level 3.0 Charms
 - Level 10.0 Summonings
 - Level 5.0 Ice Magic
 - Level 6.2 Air Magic
 - Level 5.0 Evocations


You had 6 spell levels left.
You knew the following spells:

 Your Spells              Type           Power        Failure   Level  Hunger
a - Summon Small Mammal   Summ           ####         1%          1    N/A
b - Call Imp              Summ           #####...     1%          2    N/A
c - Call Canine Familiar  Summ           #####...     1%          3    N/A
d - Summon Ice Beast      Ice/Summ       #####...     3%          4    N/A
e - Summon Lightning Spi  Summ/Air       #####...     3%          4    N/A
f - Spectral Weapon       Hex/Chrm       ####....     2%          3    N/A
g - Airstrike             Air            ####......   6%          4    N/A
h - Summon Mana Viper     Hex/Summ       #####...     6%          5    N/A

Your spell library contained the following spells:

 Spells                   Type           Power        Failure   Level  Hunger
 Summon Guardian Golem    Hex/Summ       #####...     1%          3    N/A
 Infusion                 Chrm           ###.         2%          1    N/A
 Poisonous Vapours        Pois/Air       ###...       3%          2    N/A
 Song of Slaying          Chrm           ###.....     3%          2    N/A
 Recall                   Summ/Tloc      N/A          3%          3    N/A
 Dazzling Spray           Conj/Hex       ###...       4%          3    N/A
 Shroud of Golubria       Chrm/Tloc      ##........   7%          2    N/A
 Magic Dart               Conj           #...         9%          1    N/A
 Sting                    Conj/Pois      #...         9%          1    N/A
 Mephitic Cloud           Conj/Pois/Air  ###.....     11%         3    N/A
 Corpse Rot               Necr           N/A          12%         2    N/A
 Searing Ray              Conj           #.....       12%         2    N/A
 Silence                  Hex/Air        ####......   13%         5    N/A
 Fulminant Prism          Conj/Hex       ###.......   17%         4    N/A
 Force Lance              Conj/Tloc      #.......     63%         4    N/A
 Iskenderun's Mystic Bla  Conj           #.......     63%         4    N/A
 Olgreb's Toxic Radiance  Pois           #.......     63%         4    N/A
 Excruciating Wounds      Chrm/Necr      ###.......   77%         5    N/A
 Agony                    Necr           ##......     92%         5    N/A
 Bolt of Draining         Conj/Necr      ##........   92%         5    N/A
 Dispel Undead            Necr           ##......     92%         5    N/A
 Venom Bolt               Conj/Pois      #.........   92%         5    N/A
 Conjure Ball Lightning   Conj/Air       ###.......   98%         6    N/A
 Summon Hydra             Summ           #####.....   75%         7    N/A
 Sublimation of Blood     Necr           Unusable     N/A         2    N/A
 Regeneration             Chrm/Necr      Unusable     N/A         3    N/A

Dungeon Overview and Level Annotations

Branches:
Dungeon (14/15)            Temple (1/1) D:4            Lair (6/6) D:9
 Shoals (3/4) Lair:4       Spider (1/4) Lair:4        Slime (0/5) Lair:5
    Orc (2/2) D:12            Elf (0/3) Orc:2        Vaults (0/5) D:13

Altars:
Ashenzari
Cheibriados
Dithmenos
Elyvilon
Fedhas
Gozag
Hepliaklqana
Kikubaaqudgha
Makhleb
Nemelex Xobeh
Okawaru
Qazlal
Ru
Sif Muna
Trog
Uskayaw
Vehumet
Wu Jian
Xom
Yredelemnul
Zin
The Shining One
Beogh
Jiyva

Shops:
D:10 :   Orc:1 ?   Orc:2 :%(!:   Lair:4 :

Portals:
Pandemonium: Orc:2

Annotations:
D:8 1 runed door
D:9 1 runed door, exclusion: oklob sapling, Artagas's ghost, journeyman GnCj
D:14 exclusion: Roxanne, Roxanne
Lair:3 Urug
Lair:4 1 runed door, AnimeWaifu's ghost, journeyman FeVM
Lair:5 1 runed door, exclusion: 2 oklob plants
Lair:6 2 runed doors, endorz's ghost, journeyman MiBe
Shoals:2 exclusion: downstairs
Shoals:3 3 runed doors, exclusion: obsidian statue, Napalmbreeze's ghost, adept DEFE
Orc:1 1 runed door, RandomComboDemon's ghost, journeyman HaAK


Innate Abilities, Weirdness & Mutations

You do not eat or drink.
Your flesh is vulnerable to fire.
You are immune to poison.
Your flesh is cold resistant. (rC+)
You are immune to negative energy. (rN+++)
You are immune to unholy pain and torment.
You can survive without breathing.
You are in touch with the powers of death.


Message History

Aiming: Throw Flame
Press: ? - help, Shift-Dir - straight line, f - manticore
Aim: a manticore The puff of flame hits the manticore.
The manticore is lightly wounded.
Your ice beast completely misses the merfolk.
The manticore is engulfed in a cloud of scalding steam.
The merfolk hits your ice beast with a +0 glaive!
Evoke which item? (* to show all) (? for menu, Esc to quit)
Aiming: Cloud Cone
Press: ? - help, Dir - move target cursor, f/p - manticore
Aim: a manticore (lightly wounded)
You create a blast of poison gas!
Your ice beast misses the merfolk.
The manticore is engulfed in poison gas.
The manticore is poisoned.
The manticore flicks its tail.
The volley of spikes hits you!
The barbed spikes become lodged in your body.
You die...
Your body crumbles into a pile of gold.

$(≈≈≈≈≈≈≈....PP≈≈≈≈
≈(≈≈$≈≈...##..≈≈≈≈≈≈≈≈≈≈
≈≈(≈≈≈....##..≈≈≈≈≈≈≈≈≈≈
≈≈≈≈≈..###.....≈≈≈≈≈≈≈≈≈
≈≈..≈..# #......≈≈§§H§
.≈..≈≈.# #.......§§§§
≈..≈≈≈≈.##.......§§# ###
...≈≈...........§§##!8.##
.##.............@§#C$$$.#
.# #... .......(.+t$.$8#
.# ... ≈≈.....<.+$_8.∩#
.# .≈ ≈≈.....Y.+m.W$8# ..
≈≈.......#H$$$!#
≈≈≈....Ym##.8.##
≈≈≈≈......#####
≈≈≈≈.≈....(...##
≈≈≈≈..≈........###


You could see an obsidian statue, a snapping turtle, a merfolk, a manticore, a
cyclops, 2 friendly ice beasts and a friendly spectral +1 trident of venom.

Vanquished Creatures
  Agnes (D:14)
  2 merfolk impalers
  A hydra (Lair:4)
  Erica (Lair:1)
  An alligator snapping turtle (Shoals:2)
  A two-headed ogre (D:10)
  2 orc high priests (Orc:2)
  A sea snake (Shoals:2)
  2 unseen horrors
  A harpy (Shoals:1)
  An ugly thing (D:13)
  3 orc sorcerers (Orc:2)
  2 manticores (Shoals:2)
  A centaur zombie (D:11)
  3 fauns
  A cyclops (D:14)
  A centaur skeleton (D:14)
  2 spiny frogs (Lair:6)
  An efreet (D:14)
  2 trolls
  2 wind drakes
  5 merfolk
  A hornet (Spider:1)
  4 blink frogs
  2 snapping turtles
  2 hippogriffs
  4 redbacks (Spider:1)
  2 water elementals (Shoals:3)
  5 wyverns
  2 wraiths (D:14)
  4 yaks
  A chaos spawn (Orc:2)
  A hungry ghost (D:12)
  4 water moccasins
  2 porcupines
  10 orc warriors
  A black bear (D:8)
  A wolf (D:11)
  3 ogres
  A crocodile (Lair:2)
  2 centaurs
  A big kobold (D:10)
  5 bullfrogs
  A wyvern zombie (D:13)
  A scorpion (D:4)
  Dowan (D:7)
  A killer bee (D:10)
  An electric eel (Lair:6)
  A howler monkey (D:6)
  3 crimson imps
  2 hounds (D:9)
  8 orc priests
  A jelly (D:6)
  A bullfrog skeleton (D:12)
  5 orc wizards
  Jessica (D:2)
  5 iguanas
  2 worker ants
  A killer bee zombie (D:9)
  A gnoll (D:5)
  6 adders
  2 shadow imps
  An ooze (D:3)
  A worm (D:2)
  3 dart slugs
  4 leopard geckos
  26 orcs
  2 bats
  7 giant cockroaches
  10 goblins
  7 hobgoblins
  2 jackals (D:2)
  4 ball pythons
  5 frilled lizards
  A jackal zombie (D:6)
  10 kobolds
  A quokka skeleton (D:7)
  10 rats
  A plant (Lair:6)
234 creatures vanquished.

Vanquished Creatures (collateral kills)
  2 merfolk javelineers
  2 merfolk impalers
  6 hydras
  2 merfolk avatars
  4 two-headed ogres
  3 death yaks (Lair:2)
  7 orc high priests
  2 sea snakes
  2 torturous demonspawn (Orc:2)
  2 harpies (Shoals:1)
  A wolf spider (Lair:6)
  A wolf spider zombie (D:12)
  5 orc sorcerers
  6 orc knights
  4 fauns
  3 manticores
  A cyclops (D:12)
  7 black mambas
  5 merfolk sirens
  4 water nymphs
  A guardian serpent (Lair:6)
  A torpor snail (Lair:6)
  12 spiny frogs
  3 rime drakes
  A freezing wraith (D:14)
  A kobold demonologist (D:10)
  8 komodo dragons
  A hellwing (Orc:2)
  A red devil (Orc:2)
  14 merfolk
  3 trolls
  2 polar bears (Lair:6)
  A jumping spider (Spider:1)
  2 hornets (Lair:6)
  5 hippogriffs
  2 snapping turtles (Shoals:2)
  12 blink frogs
  5 redbacks
  4 water elementals
  A shadow (D:12)
  10 wyverns
  A human (D:10)
  33 yaks
  Grum (D:11)
  A basilisk (Lair:1)
  A chaos spawn (Orc:1)
  A warg (Orc:2)
  17 water moccasins
  Duvessa (D:7)
  A sky beast (D:9)
  4 porcupines
  An ice beast (D:11)
  26 orc warriors
  A black bear (D:11)
  5 wolves
  10 centaurs
  6 ogres
  8 crocodiles
  3 big kobolds
  13 bullfrogs
  A wyvern zombie (D:13)
  2 scorpions
  3 killer bees (D:10)
  7 wights
  4 howler monkeys
  An electric eel (D:7)
  A crimson imp (D:5)
  A jelly (D:9)
  A centaur zombie (D:9)
  4 hounds
  16 orc priests
  11 orc wizards
  An iguana (D:11)
  4 worker ants
  A hound skeleton (D:9)
  A worker ant zombie (D:11)
  Robin (D:3)
  2 gnolls (D:5)
  3 adders
  2 shadow imps
  A leopard gecko (D:1)
  49 orcs
  2 giant cockroaches (D:1)
  3 goblins (D:3)
  2 hobgoblins (D:3)
  A quokka (D:10)
  A ball python (D:9)
  15 kobolds
  A leopard gecko skeleton (D:5)
  A quokka zombie (D:8)
  2 plants (Lair:6)
438 creatures vanquished.

Vanquished Creatures (others)
  2 dancing weapons (D:13)
  A sea snake (Shoals:2)
  A shadow (D:14)
  18 fungi
  40 plants
  11 spectral weapons
  2 withered plants (Orc:1)
75 creatures vanquished.

Grand Total: 747 creatures vanquished

Notes
Turn   | Place    | Note
-------+----------+-------------------------------------------
     0 | D:1      | LostNumber the Mummy Summoner began the quest for the Orb.
     0 | D:1      | Reached XP level 1. HP: 13/13 MP: 4/4
   401 | D:1      | Reached XP level 2. HP: 20/20 MP: 5/5
   427 | D:1      | Learned a level 2 spell: Call Imp
   881 | D:1      | Reached skill level 1 in Fighting
  1583 | D:2      | Reached XP level 3. HP: 26/26 MP: 2/7
  1941 | D:2      | Noticed Jessica
  1947 | D:2      | Killed Jessica
  1947 | D:2      | Reached XP level 4. HP: 32/32 MP: 7/9
  1991 | D:2      | Learned a level 3 spell: Call Canine Familiar
  1996 | D:2      | Learned a level 4 spell: Summon Ice Beast
  2295 | D:2      | Found a faded altar of an unknown god.
  3274 | D:3      | Noticed Robin
  3290 | D:3      | Killed Robin
  3308 | D:3      | Reached skill level 1 in Ice Magic
  3311 | D:3      | Reached XP level 5. HP: 32/38 MP: 4/10
  4126 | D:4      | Found a staircase to the Ecumenical Temple.
  4134 | Temple   | Entered the Ecumenical Temple
  4237 | Temple   | Became a worshipper of Gozag Ym Sagoz the Greedy
  4423 | D:4      | Found a shimmering altar of Xom.
  4568 | D:4      | Noticed an ogre
  4575 | D:4      | Killed an ogre
  4575 | D:4      | Reached XP level 6. HP: 41/46 MP: 6/12
  4685 | D:5      | Entered Level 5 of the Dungeon
  4967 | D:5      | Found a glowing golden altar of the Shining One.
  4970 | D:5      | Found a deep blue altar of Sif Muna.
  5031 | D:5      | Noticed a two-headed ogre
  5068 | D:5      | Killed a two-headed ogre
  5068 | D:5      | Reached skill level 5 in Spellcasting
  5068 | D:5      | Reached skill level 5 in Summonings
  5068 | D:5      | Reached XP level 7. HP: 52/52 MP: 1/14
  5664 | D:6      | Reached XP level 8. HP: 46/60 MP: 14/16
  6279 | D:6      | Learned a level 4 spell: Summon Lightning Spire
  6548 | D:7      | Noticed Duvessa
  6548 | D:7      | Noticed Dowan
  6892 | D:7      | Reached skill level 1 in Air Magic
  7269 | D:7      | Killed Dowan
  8045 | D:8      | Found a runed door.
  8045 | D:8      | Noticed a cyclops
  8045 | D:8      | Noticed an ogre mage
  8046 | D:8      | Noticed a catoblepas
  8047 | D:8      | Noticed an orc knight
  8047 | D:8      | Noticed a yaktaur captain
  8047 | D:8      | Noticed a hornet
  9144 | D:9      | Found a runed door.
  9144 | D:9      | Noticed Artagas's ghost (journeyman GnCj)
  9191 | D:9      | Reached XP level 9. HP: 52/66 MP: 18/18
  9418 | D:9      | Found a staircase to the Lair.
 10144 | D:9      | Noticed a merfolk
 10156 | D:9      | Killed a merfolk
 10156 | D:9      | Reached skill level 5 in Fighting
 11171 | D:10     | Entered Level 10 of the Dungeon
 11327 | Lair:1   | Entered Level 1 of the Lair of Beasts
 12035 | Lair:1   | Noticed Erica
 12065 | Lair:1   | Noticed a komodo dragon
 12090 | Lair:1   | Killed a komodo dragon
 12122 | Lair:1   | Killed Erica
 12846 | Lair:2   | Noticed an eight-headed hydra
 12858 | Lair:2   | Killed an eight-headed hydra
 12858 | Lair:2   | Reached skill level 5 in Air Magic
 12858 | Lair:2   | Reached XP level 10. HP: 66/76 MP: 1/20
 13388 | Lair:2   | Reached skill level 1 in Evocations
 13771 | Lair:2   | Noticed a death yak
 13771 | Lair:2   | Noticed a death yak
 13771 | Lair:2   | Noticed a death yak
 13798 | Lair:2   | Killed a death yak
 13812 | Lair:2   | Killed a death yak
 13831 | Lair:2   | Killed a death yak
 14135 | Lair:2   | Noticed a spiny frog
 14146 | Lair:2   | Killed a spiny frog
 14880 | Lair:2   | Reached skill level 5 in Ice Magic
 15177 | Lair:3   | Noticed a spiny frog
 15505 | Lair:3   | Killed a spiny frog
 15505 | Lair:3   | Reached XP level 11. HP: 83/83 MP: 10/21
 16767 | Lair:3   | Noticed Urug
 17088 | Lair:4   | Noticed a five-headed hydra
 17095 | Lair:4   | Killed a five-headed hydra
 17704 | Lair:4   | Noticed a seven-headed hydra
 17711 | Lair:4   | Killed a seven-headed hydra
 17714 | Lair:4   | Reached skill level 5 in Stealth
 17904 | Lair:4   | Found a hole to the Spider Nest.
 18208 | Lair:4   | Found a runed door.
 18208 | Lair:4   | Noticed AnimeWaifu's ghost (journeyman FeVM)
 18274 | Lair:4   | Found a staircase to the Shoals.
 18874 | Lair:5   | Found a runed door.
 18874 | Lair:5   | Found a viscous altar of Jiyva.
 18874 | Lair:5   | Found a staircase to the Slime Pits.
 19313 | Lair:5   | Noticed an oklob plant
 19313 | Lair:5   | Noticed an oklob plant
 19370 | Lair:6   | Entered Level 6 of the Lair of Beasts
 19401 | Lair:6   | Reached skill level 1 in Polearms
 19809 | Lair:6   | Reached skill level 5 in Evocations
 20840 | Lair:6   | Reached skill level 1 in Armour
 20887 | Lair:6   | Noticed a four-headed hydra
 20897 | Lair:6   | Killed a four-headed hydra
 21111 | Lair:6   | Reached XP level 12. HP: 33/94 MP: 4/22
 21632 | Lair:6   | Reached skill level 5 in Dodging
 23749 | Lair:6   | Found a runed door.
 23749 | Lair:6   | Noticed endorz's ghost (journeyman MiBe)
 24674 | Lair:6   | Found a runed door.
 25059 | D:7      | Killed Duvessa
 26041 | D:10     | Noticed a two-headed ogre
 26049 | D:10     | Killed a two-headed ogre
 26049 | D:10     | Reached skill level 5 in Polearms
 26101 | D:10     | Noticed a two-headed ogre
 26112 | D:10     | Killed a two-headed ogre
 26483 | D:10     | Bought a book of Battle for 600 gold pieces
 26483 | D:10     | Bought a book of Death for 1050 gold pieces
 26487 | D:10     | Learned a level 3 spell: Spectral Weapon
 26730 | D:11     | Noticed Grum
 26746 | D:11     | Noticed a seven-headed hydra
 27359 | D:11     | Reached skill level 1 in Hexes
 27534 | D:11     | Killed Grum
 27650 | D:11     | Reached skill level 1 in Charms
 27861 | D:11     | Killed a seven-headed hydra
 28237 | D:12     | Noticed a two-headed ogre
 28252 | D:12     | Killed a two-headed ogre
 28275 | D:12     | Found a staircase to the Orcish Mines.
 29626 | D:13     | Found a gate to the Vaults.
 30278 | D:10     | Bought the Guide on Feathery Aid for 960 gold pieces
 30521 | D:10     | Learned a level 4 spell: Airstrike
 30565 | Orc:1    | Entered Level 1 of the Orcish Mines
 30671 | Orc:2    | Entered Level 2 of the Orcish Mines
 30672 | Orc:2    | Found Bunn's Book Shop.
 30967 | Orc:1    | Gained mutation: You are in touch with the powers of death.
                  | [Mummy growth]
 30967 | Orc:1    | Reached XP level 13. HP: 81/101 MP: 6/23
 31106 | Orc:1    | Found Bera's Magic Scroll Shop.
 31115 | Orc:1    | Bought a scroll of teleportation for 42 gold pieces
 31115 | Orc:1    | Bought a scroll of fog for 28 gold pieces
 31262 | Orc:1    | Found a runed door.
 31262 | Orc:1    | Noticed RandomComboDemon's ghost (journeyman HaAK)
 32939 | D:14     | Identified Roxanne's Disquisition on the Rocks
 32939 | D:14     | Noticed Roxanne
 33196 | D:14     | Noticed Agnes
 33205 | D:14     | Killed Agnes
 34554 | Spider:1 | Entered Level 1 of the Spider Nest
 35215 | Lair:4   | Bought the Disquisition on Creation for 1040 gold pieces
 35221 | Lair:4   | Learned a level 5 spell: Summon Mana Viper
 38849 | Orc:2    | Found a runed door.
 39647 | Orc:2    | Found Hitoh's Distillery.
 39651 | Orc:2    | Found Ulatuez's Food Shop.
 40001 | Orc:2    | Found a staircase to the Elven Halls.
 42621 | Orc:2    | Reached skill level 5 in Hexes
 43128 | Orc:2    | Found Fidachyci's Antique Weapon Shoppe.
 43128 | Orc:2    | Found Werhag Rien's Book Emporium.
 43136 | Orc:2    | Found a one-way gate leading to the halls of Pandemonium.
 43152 | Orc:2    | Bought a glowing demon trident for 648 gold pieces
 43604 | Orc:2    | Found a roughly hewn altar of Beogh.
 43938 | Shoals:1 | Entered Level 1 of the Shoals
 43938 | Shoals:1 | Noticed a merfolk impaler
 43957 | Shoals:1 | Killed a merfolk impaler
 44445 | Shoals:1 | Reached XP level 14. HP: 98/108 MP: 14/26
 48270 | Shoals:2 | Reached skill level 10 in Summonings
 48641 | Shoals:2 | Reached skill level 10 in Fighting
 50561 | Shoals:3 | Found a runed gate.
 50561 | Shoals:3 | Found a runed gate.
 50561 | Shoals:3 | Found a runed gate.
 50563 | Shoals:3 | Found an opulent altar of Gozag.
 50563 | Shoals:3 | Noticed Napalmbreeze's ghost (adept DEFE)
 51352 | Shoals:3 | Killed from afar by a manticore

Vault maps used:
D:1:      sevenhm_arrival_forest_fort_small_5, minmay_3d_cube
D:2:      chequers_ecumenical_altar_twisty, uniq_jessica
D:3:      minivault_25, uniq_robin
D:4:      minmay_temple_entry_ruins, first_ration, st_stairs_3,
          brannock_xom_greatest_gift
D:5:      minitemple, feat_on_display
D:7:      kennysheep_boxes, uniq_duvessa
D:8:      minmay_gate_of_8
D:9:      dpeg_oklobed_lair, hellmonk_ghost_happy_afterlife,
          hangedman_fish_farm, introduction_to_nature_2
D:10:     kennysheep_nondescript
D:11:     serial_park, serial_park_tiny_1, serial_park_tiny_pond,
          serial_park_avenue1, uniq_grum
D:12:     orc_0_dummy
D:13:     erik_vaults_1, grunt_tough_drop
D:14:     basic_altar, special_room, minmay_hedge_maze, uniq_roxanne, uniq_agnes
Temple:   regret_index_temple_chain_breaker
Lair:1:   hangedman_lair_unloving_vines, uniq_erica
Lair:2:   lab_entry_generic
Lair:3:   grunt_megastairs_3, uniq_urug
Lair:4:   elwin_shoals_entry_rooms, spider_nest_entry_a,
          ebering_ghost_inner_flame, chequers_serial_rivers_large_a,
          infiniplex_staircase_pool_2
Lair:5:   minmay_lair_oklob_tunnel, slime_altar_2, patterned_corridor
Lair:6:   wormcave, hangedman_lair_tendril_chambers,
          hellmonk_ghost_happy_afterlife, portal_ice_cave_entry_pillars_1,
          serial_bayou_shore_a
Shoals:2: nicolae_shoals_seven_spires
Shoals:3: ebering_ghost_gozag
Spider:1: spider_trap, uniq_kirke
Orc:1:    serial_shops, nicolae_shop_crystal, gammafunk_ghost_grave
Orc:2:    pf_orc_diabolical, serial_shops, shop, nicolae_orc_bridge_out,
          lightli_church_of_beogh

Skill      XL: |  1  2  3  4  5  6  7  8  9 10 11 12 13 14 |
---------------+-------------------------------------------+-----
Spellcasting   | 3 4 5 6 7 8 9 |  9.8
Fighting       | 1 2 3 4 5 6 8 9 10 | 10.2
Summonings     | 4 5 6 8 9 10 | 10.0
Ice Magic      | 1 3 4 5 |  5.0
Air Magic      | 2 5 6 |  6.2
Dodging        | 3 4 6 |  6.3
Stealth        | 3 5 |  5.0
Evocations     | 2 5 |  5.0
Polearms       | 2 5 7 |  7.5
Armour         | 1 3 4 |  4.0
Hexes          | 2 5 7 |  7.6
Charms         | 2 3 |  3.0
Slings         | |  0.5

Action                   |  1- 3 |  4- 6 |  7- 9 | 10-12 | 13-15 || total
-------------------------+-------+-------+-------+-------+-------++-------
Melee: Unarmed           |    17 |       |       |       |       ||    17
       Spear             |    50 |    95 |   327 |   825 |   415 ||  1712
       Trident           |       |       |       |       |   170 ||   170
 Fire: Hunting sling     |    55 |   113 |       |       |       ||   168
 Cast: Summon Small Mamm |     5 |       |       |       |     1 ||     6
       Call Imp          |     3 |    11 |    17 |       |       ||    31
       Call Canine Famil |       |    13 |    39 |    61 |    40 ||   153
       Summon Ice Beast  |       |       |    36 |   293 |   168 ||   497
       Summon Lightning  |       |       |     3 |    18 |    87 ||   108
       Spectral Weapon   |       |       |       |       |    51 ||    51
       Airstrike         |       |       |       |       |    34 ||    34
       Summon Mana Viper |       |       |       |       |    11 ||    11
Invok: Call Merchant     |       |       |       |     1 |     1 ||     2
       Potion Petition   |       |       |       |       |     1 ||     1
Evoke: Wand              |       |       |     2 |     4 |    10 ||    16
  Use: Scroll            |       |       |     9 |    10 |     9 ||    28
 Stab: Distracted        |     1 |     2 |     6 |    11 |    15 ||    35
       Sleeping          |     1 |     2 |       |     5 |     4 ||    12
Armor: Robe              |    14 |    12 |    28 |   119 |    62 ||   235
       Ring mail         |       |    14 |    31 |       |       ||    45
Dodge: Dodged            |    54 |    88 |   171 |   456 |   304 ||  1073
Block: Other             |       |       |       |    53 |    73 ||   126
       Reflection        |       |       |       |     3 |    10 ||    13

Table legend:
 A = Non-vault XP
 B = Vault XP
 C = Vault XP percentage of total XP
 D = Non-vault monster count
 E = Vault monster count
 F = Vault count percentage of total count
                 A         B        C        D         E       F
            +---------+---------+-------+---------+---------+-------
      Total |   62494 |   22655 |  26.6 |     525 |     147 |  21.9
            +---------+---------+-------+---------+---------+-------
        D:1 |      31 |       4 |  11.4 |      16 |       3 |  15.8
        D:2 |      62 |      37 |  37.4 |      18 |       1 |   5.3
        D:3 |      45 |      23 |  33.8 |      18 |      11 |  37.9
        D:4 |     210 |      65 |  23.6 |       9 |       2 |  18.2
        D:5 |     758 |       0 |   0.0 |      16 |       0 |   0.0
        D:6 |     520 |       0 |   0.0 |      16 |       0 |   0.0
        D:7 |     229 |     135 |  37.1 |       6 |       2 |  25.0
        D:8 |     608 |       0 |   0.0 |      20 |       0 |   0.0
        D:9 |     641 |     378 |  37.1 |      21 |       8 |  27.6
       D:10 |    2016 |       0 |   0.0 |      33 |       0 |   0.0
       D:11 |    2078 |     316 |  13.2 |      36 |       4 |  10.0
       D:12 |    2772 |       0 |   0.0 |      22 |       0 |   0.0
       D:13 |    3133 |    1808 |  36.6 |      24 |       2 |   7.7
       D:14 |    2823 |    2090 |  42.5 |      14 |       1 |   6.7
     Lair:1 |     991 |     622 |  38.6 |       8 |       1 |  11.1
     Lair:2 |    5089 |       0 |   0.0 |      29 |       0 |   0.0
     Lair:3 |    3537 |       0 |   0.0 |      28 |       0 |   0.0
     Lair:4 |    2801 |     466 |  14.3 |      15 |       3 |  16.7
     Lair:5 |    1116 |     650 |  36.8 |       7 |       5 |  41.7
     Lair:6 |    5120 |    5753 |  52.9 |      30 |      34 |  53.1
   Shoals:1 |    7868 |       0 |   0.0 |      23 |       0 |   0.0
   Shoals:2 |    9464 |       0 |   0.0 |      26 |       0 |   0.0
   Shoals:3 |    4693 |       0 |   0.0 |      17 |       0 |   0.0
   Spider:1 |    1361 |       0 |   0.0 |       8 |       0 |   0.0
      Orc:1 |    1671 |     788 |  32.0 |      33 |       4 |  10.8
      Orc:2 |    2857 |    9520 |  76.9 |      32 |      66 |  67.3
            +---------+---------+-------+---------+---------+-------
